 Dungeon Crawl Stone Soup version 0.22-a0-224-g8cf3520 (webtiles) character file.

4 Amnesiac the Chopper (level 1, -1/20 HPs)
             Began as a Hill Orc Monk on Feb 19, 2018.
             Slain by a howler monkey (7 damage)
             ... on level 4 of the Dungeon.
             The game lasted 00:00:40 (246 turns).

Amnesiac the Chopper (Hill Orc Monk)                 Turns: 246, Time: 00:00:41

Health: -1/20      AC:  2    Str: 13    XL:     1   Next: 70%
Magic:  1/1        EV: 13    Int: 10    God:
Gold:   33         SH:  0    Dex: 13    Spells: 0/0 levels left

rFire    . . .     SeeInvis .   f - +0 hunting sling
rCold    . . .     Gourm    .   (no shield)
rNeg     . . .     Faith    .   b - +0 robe
rPois    .         Spirit   .   (no helmet)
rElec    .         Reflect  .   (no cloak)
rCorr    .         Harm     .   (no gloves)
MR       .....                  (no boots)
Stlth    ++........             (no amulet)
HPRegen  0.06/turn              (no ring)
MPRegen  0.07/turn              (no ring)

@: no status effects
A: no striking features
a: no special abilities


You were on level 4 of the Dungeon.
You were not hungry.

You visited 1 branch of the dungeon, and saw 4 of its levels.

You collected 33 gold pieces.

Inventory:

Hand Weapons
 a - a +0 hand axe
 f - a +0 hunting sling (weapon)
Missiles
 d - 62 stones (quivered)
Armour
 b - a +0 robe (worn)
Scrolls
 e - a scroll of remove curse {!r, unknown}
Comestibles
 c - 3 rations


   Skills:
 + Level 3.7 Fighting
 * Level 4.3 Axes
 - Level 2.4 Dodging
 - Level 1.5 Stealth


You couldn't memorise any spells.
You didn't know any spells.

Dungeon Overview and Level Annotations

Branches:
Dungeon (4/15)
 Temple: D:4-7

Altars:

Annotations:
D:1 1 runed door
D:3 sankara's ghost, amateur MfSk


Message History

Press: ? - help, Shift-Dir - straight line, f - frilled lizard
Aim: a frilled lizard (resting)
You shoot a stone. The stone hits the frilled lizard.
The frilled lizard hisses angrily.
The frilled lizard is heavily wounded.
You hear a howl!
A dart slug comes into view.
Firing (i - inventory)
d - 70 stones (quivered)
Press: ? - help, Shift-Dir - straight line, f/p - frilled lizard
Aim: a frilled lizard (heavily wounded)
You shoot a stone.
The stone hits the dart slug but does no damage.
Firing (i - inventory)
d - 69 stones (quivered)
Press: ? - help, Shift-Dir - straight line, f/p - dart slug
Aim: a dart slug (clinging)
You shoot a stone.
The stone hits the dart slug but does no damage.
The dart slug closely misses you.
A howler monkey comes into view.
Firing (i - inventory)
d - 68 stones (quivered)
Press: ? - help, Shift-Dir - straight line, f/p - dart slug
Aim: a dart slug (clinging)
You shoot a stone. The stone misses the frilled lizard.
The frilled lizard barely misses you. The howler monkey barely misses you.
The frilled lizard bites you.
Firing (i - inventory)
d - 67 stones (quivered)
Press: ? - help, Shift-Dir - straight line, f/p - frilled lizard
Aim: a frilled lizard (heavily wounded)
You shoot a stone. The stone hits the frilled lizard.
You kill the frilled lizard!
The howler monkey closely misses you.
Firing (i - inventory)
d - 66 stones (quivered)
Press: ? - help, Shift-Dir - straight line, f - howler monkey
Aim: a howler monkey You shoot a stone.
The stone barely misses the howler monkey.
The howler monkey hoots and howls with incredible vigour!
Firing (i - inventory)
d - 65 stones (quivered)
Press: ? - help, Shift-Dir - straight line, f/p - howler monkey
Aim: a howler monkey (catching its breath)
You shoot a stone.
The stone closely misses the howler monkey.
The stone hits the dart slug.
The dart slug is lightly wounded.
The howler monkey hits you. The howler monkey closely misses you.
Firing (i - inventory)
d - 64 stones (quivered)
Press: ? - help, Shift-Dir - straight line, f/p - howler monkey
Aim: a howler monkey (catching its breath)
You shoot a stone.
The stone closely misses the howler monkey.
The stone hits the dart slug but does no damage.
The howler monkey hits you.
* * * LOW HITPOINT WARNING * * *
A giant cockroach comes into view.
Firing (i - inventory)
d - 63 stones (quivered)
Press: ? - help, Shift-Dir - straight line, f/p - howler monkey
Aim: a howler monkey (catching its breath)
You shoot a stone.
The stone barely misses the howler monkey.
The stone hits the dart slug but does no damage.
The giant cockroach moves out of view.
The howler monkey hits you.
* * * LOW HITPOINT WARNING * * *
The howler monkey hits you!
You die...

. # ## # #.#. .#.#
#.#.# .#. ...(#
...# #s#(#.#.# .
#..#(.#.# ...
#(w.##.#
#....##h##..#
#...@....#
#..###.#.# .....
#...# ##.## ###.#
# #.# #.# #.#
#.#######
.....#####........
..............##..


You could see a howler monkey, a dart slug and a giant cockroach.

Vanquished Creatures
  A goblin (D:3)
  A quokka (D:3)
  2 frilled lizards
  A kobold (D:1)
5 creatures vanquished.

Notes
Turn   | Place    | Note
-------+----------+-------------------------------------------
     0 | D:1      | Amnesiac the Hill Orc Monk began the quest for the Orb.
     0 | D:1      | Reached XP level 1. HP: 19/19 MP: 1/1
     1 | D:1      | Found a runed door.
   141 | D:3      | Noticed sankara's ghost (amateur MfSk)
   239 | D:4      | Noticed a howler monkey
   246 | D:4      | Slain by a howler monkey

Vault maps used:
D:1:      dpeg_arrival_caged_fury, minmay_misc_feat_tiny
D:2:      gammafunk_temple_overflow_pools, uniq_robin
D:3:      bloody_makhleb, uniq_terence
D:4:      minmay_box_of_dots, uniq_edmund

Action                   || total
-------------------------++-------
Melee: Hand axe          ||     9
 Fire: Hunting sling     ||    15
Dodge: Dodged            ||    19

Table legend:
 A = Spawn XP
 B = Non-spawn XP
 C = Spawn XP percentage of total XP
 D = Spawn monster count
 E = Non-spawn monster count
 F = Spawn count percentage of total count
 G = Total turns spent on level
                    A         B        C        D         E        F      G
               +---------+---------+-------+---------+---------+-------+---------
         Total |       0 |       7 |   0.0 |       0 |       5 |   0.0 |   246
               +---------+---------+-------+---------+---------+-------+---------
           D:1 |       0 |       1 |   0.0 |       0 |       1 |   0.0 |    22
           D:3 |       0 |       5 |   0.0 |       0 |       3 |   0.0 |   140
           D:4 |       0 |       1 |   0.0 |       0 |       1 |   0.0 |    23
               +---------+---------+-------+---------+---------+-------+---------
